 Dungeon Crawl Stone Soup version 0.27.1-33-g824d729ab1 (webtiles) character file.

Game seed: 5199500497021203667

96 jl93 the Chopper (level 4, 13/35 HPs)
             Began as a Demonspawn Berserker on Dec 15, 2021.
             Was a Believer of Trog.
             Quit the game on level 3 of the Dungeon.
             The game lasted 00:04:36 (2955 turns).

jl93 the Chopper (Demonspawn Berserker)             Turns: 2955, Time: 00:04:36

Health: 13/35      AC:  7    Str: 19    XL:     4   Next: 41%
Magic:  4/4        EV: 10    Int:  8    God:    Trog [**....]
Gold:   10         SH:  0    Dex: 12    Spells: 3/3 levels left

rFire    . . .     SeeInvis .   i - +2 whip (elec)
rCold    . . .     Faith    .   (no shield)
rNeg     . . .     Spirit   .   n - +0 scale mail
rPois    .         Reflect  .   (no helmet)
rElec    .         Harm     .   d - +0 cloak
rCorr    .         Rampage  .   (no gloves)
Will     .....                  (no boots)
Stlth    ..........             (no amulet)
HPRegen  0.11/turn              (no ring)
MPRegen  0.09/turn              (no ring)

@: no status effects
A: foul stench 2, powered by pain 1
a: Renounce Religion, Berserk, Trog's Hand


You were on level 3 of the Dungeon.
You worshipped Trog.
Trog was pleased with you.
You visited 1 branch of the dungeon, and saw 3 of its levels.

You collected 10 gold pieces.

Inventory:

Hand Weapons
 a - a +0 hand axe
 i - a +2 whip of electrocution (weapon)
Armour
 b - a +0 animal skin
 d - a +0 cloak (worn)
 n - a +0 scale mail (worn)
Scrolls
 c - a scroll of brand weapon {unknown}
 e - a scroll of amnesia {unknown}
 g - a scroll of teleportation {unknown}
 j - a scroll of acquirement {unknown}
 k - a scroll of blinking {unknown}
 l - a scroll of magic mapping {unknown}
 o - a scroll of identify {unknown}
Potions
 f - a potion of flight {unknown}
 h - a potion of might {unknown}
 m - a potion of heal wounds {unknown}


   Skills:
 - Level 3.0 Fighting
 - Level 3.3(3.8) Axes
 * Level 2.9(3.7) Maces & Flails
 - Level 1.7 Armour
 - Level 2.1 Dodging


You had 3 spell levels left.
You didn't know any spells.
Your spell library was empty.

Dungeon Overview and Level Annotations

Branches:
Dungeon (3/15)

Altars:


Innate Abilities, Weirdness & Mutations

You sometimes emit foul miasma when damaged in melee.
You sometimes gain a little power by taking damage.


Message History

Okay, then.
You hit the orc but do no damage. The orc barely misses you.
You hit the orc.
The orc is severely wounded.
The orc barely misses you.
You closely miss the orc.
The orc is severely wounded.
An orc wizard comes into view. It is wielding a +0 dagger.
The orc hits you but does no damage.
You hit the orc but do no damage.
The orc is severely wounded.
You hit the orc.
You kill the orc!
Trog accepts your kill.
The orc wizard points at you and mumbles some strange words.
The puff of flame hits you!
The orc wizard hits you but does no damage.
You barely miss the orc wizard. The orc wizard casts a spell at you.
The magic dart hits you.
You hit the orc wizard.
The orc wizard is lightly wounded.
The orc wizard casts a spell at you. The magic dart hits you.
You closely miss the orc wizard.
The orc wizard is lightly wounded.
The orc wizard hits you but does no damage.
Your scale mail prevents you from hitting the orc wizard.
The orc wizard is lightly wounded.
The orc wizard gestures at you while chanting.
The puff of flame hits you.
You hit the orc wizard but do no damage.
The orc wizard is lightly wounded.
The orc wizard hits you but does no damage.
You closely miss the orc wizard.
The orc wizard is lightly wounded.
The orc wizard gestures wildly while chanting.
The orc wizard flickers and vanishes!
Deactivating autopickup; reactivate with Ctrl-A.
Are you sure you want to abandon this character and quit the game? (Confirm with "yes".)

.. .. #. ##. #
#.. .#
#.†########..#
##..o#
#..)......o..###
...o
#.##{##.........
.... ..
#@##.###.####
$o.... #.##)# #
#o>.# #.##.# #o.
##.##<# #.#
#...#)###.###
##.#
#....).......
#<#>#
#............
#....###..
###.#.###.###
##.## ### #.#..
..


There were no monsters in sight!

Vanquished Creatures
  An iguana (D:2)
  2 adders (D:2)
  A worm (D:2)
  2 dart slugs (D:1)
  6 orcs (D:3)
  3 ball pythons
  3 bats
  6 endoplasms
  2 giant cockroaches
  2 quokkas
  2 frilled lizards (D:2)
  2 goblins
  5 kobolds
  5 rats
42 creatures vanquished.

Notes
Turn   | Place    | Note
-------+----------+-------------------------------------------
     0 | D:1      | jl93 the Demonspawn Berserker began the quest for the Orb.
     0 | D:1      | Reached XP level 1. HP: 18/18 MP: 1/1
   708 | D:1      | Gained mutation: You may rarely emit foul miasma when
                  | damaged in melee. [demonic ancestry]
   708 | D:1      | Reached XP level 2. HP: 24/24 MP: 2/2
  1290 | D:1      | Found a faded altar of an unknown god.
  2003 | D:2      | Reached skill level 1 in Maces & Flails
  2003 | D:2      | Gained mutation: You sometimes emit foul miasma when
                  | damaged in melee. [demonic ancestry]
  2003 | D:2      | Reached XP level 3. HP: 28/29 MP: 3/3
  2207 | D:2      | Reached ** piety under Trog
  2208 | D:2      | Gained mutation: You sometimes gain a little power by
                  | taking damage. [demonic ancestry]
  2208 | D:2      | Reached XP level 4. HP: 17/35 MP: 4/4
  2955 | D:3      | Quit the game

Illustrated notes

Levels and vault maps discovered:
D:1:      minmay_arrival_hallway, layout_basic,
          chequers_ecumenical_altar_simple_redux,
          chequers_serial_rivers_micro_d, minmay_hedge_maze,
          minmay_small_reverse_x
D:2:      layout_rooms, minmay_close_crescents
D:3:      layout_loops_ring

Skill      XL: |  1  2  3 |
---------------+----------+-----
Dodging        | 2 |  2.1
Axes           | 3 |  3.3
Maces & Flails | 1 2 |  2.9
Fighting       | |  3.0
Armour         | |  1.7

Action                   |  1- 3 |  4- 6 || total
-------------------------+-------+-------++-------
Melee: Hand axe          |    47 |       ||    47
       Whip              |    45 |    33 ||    78
Invok: Berserk           |     1 |     1 ||     2
 Stab: Sleeping          |     1 |       ||     1
       Distracted        |     1 |       ||     1
Armor: Animal skin       |    15 |       ||    15
       Scale mail        |       |     6 ||     6
Dodge: Dodged            |    49 |    13 ||    62
